 Dungeon Crawl Stone Soup version 0.31.0-9-g3a7656b989 (webtiles) character file.

Game seed: 7397568549177912802

38746 qw the Spry (level 13, -4/65 HPs)
             Began as a Spriggan Hunter on Feb 2, 2024.
             Was the Champion of Okawaru.
             Slain by a komodo dragon (27 damage)
             ... on level 5 of the Lair of Beasts.
             The game lasted 00:01:44 (14162 turns).

qw the Spry (Spriggan Hunter)                      Turns: 14162, Time: 00:01:44

Health: -4/65      AC: 14    Str:  7    XL:     13   Next: 65%
Magic:  21/21      EV: 39    Int: 11    God:    Okawaru [******]
Gold:   783        SH:  0    Dex: 27    Spells: 12/12 levels left

rFire   . . .        y - +2 hand cannon (freeze)
rCold   . . .        (no shield)
rNeg    + . .        c - +0 robe
rPois   .            s - +5 hat "Becocos" {SInv}
rElec   .            d - +2 cloak
rCorr   .            (gloves unavailable)
SInv    +            (boots unavailable)
Will    ++...        b - amulet of Knowledge {Regen+ Dex+4 Slay+3}
Stlth   ++           g - ring of positive energy
HPRegen 1.10/turn    e - +4 ring of protection
MPRegen 0.17/turn

%: no passive effects
@: slowed, very slow
A: very small, no large weapons, unfitting armour, see invisible, speed 3
a: Renounce Religion, Heroism, Finesse, Duel


You were on level 5 of the Lair of Beasts.
You worshipped Okawaru.
Okawaru was exalted by your worship.
You visited 3 branches of the dungeon, and saw 16 of its levels.

You collected 783 gold pieces.


Innate Abilities, Weirdness & Mutations

You are very small and have problems with some larger weapons.
You are too small for most types of armour.
You have supernaturally acute eyesight. (SInv)
You cover ground extremely quickly. (Speed+++)


   Skills:
 - Level 6.1 Fighting
 - Level 15.6 Ranged Weapons
 - Level 1.6 Armour
 + Level 17.7 Dodging
 - Level 1.5 Stealth
 - Level 10.0 Invocations


You had 12 spell levels left.
You didn't know any spells.
Your spell library was empty.

Inventory:

Hand Weapons
 y - a +2 hand cannon of freezing (weapon)
Armour
 c - a +0 robe (worn)
 d - a +2 cloak (worn)
 s - the +5 hat "Becocos" (worn) {SInv}
   (Okawaru gifted it to you on level 2 of the Lair of Beasts)

   SInv:      It lets you see invisible.
Jewellery
 b - the amulet of Knowledge (around neck) {Regen+ Dex+4 Slay+3}
   (You found it on level 4 of the Lair of Beasts)

   [amulet of regeneration]

   Dex+4:     It affects your dexterity (+4).
   Slay+3:    It affects your accuracy & damage with ranged weapons and melee
   (+3).
   Regen+:    It increases your rate of health regeneration.
 e - a +4 ring of protection (right hand)
 g - a ring of positive energy (left hand)
 u - the amulet of Elemental Vulnerability {rPois rF-- rC-- AC+8}
   (You found it on level 1 of the Lair of Beasts)

   [amulet of nothing]

   AC+8:      It affects your AC (+8).
   rF--:      It makes you very vulnerable to fire.
   rC--:      It makes you very vulnerable to cold.
   rPois:     It protects you from poison
 w - a ring of ice
Wands
 j - a wand of roots (8)
 r - a wand of polymorph (15)
 t - a wand of digging (2)
 v - a wand of mindburst (2)
 z - a wand of quicksilver (5)
Scrolls
 l - 2 scrolls of identify
 q - a scroll of enchant armour
Potions
 f - a potion of resistance
 h - 3 potions of enlightenment
 k - 10 potions of curing
 m - a potion of haste
 n - a potion of cancellation
 o - a potion of might
 p - 2 potions of mutation
 A - a potion of heal wounds

Dungeon Overview and Level Annotations

Branches:
Dungeon (10/15)            Temple (1/1) D:5            Lair (5/5) D:10
 Shoals (0/4) Lair:2       Spider (0/4) Lair:3        Slime (0/5) Lair:4
    Orc (0/2) D:10

Altars:
Ashenzari
Cheibriados
Dithmenos
Elyvilon
Fedhas
Gozag
Hepliaklqana
Kikubaaqudgha
Makhleb
Nemelex Xobeh
Okawaru
Qazlal
Ru
Sif Muna
Trog
Uskayaw
Vehumet
Wu Jian
Xom
Yredelemnul
Zin
The Shining One
Jiyva

Shops:
D:2 [   D:8 *   D:9 [

Annotations:
D:3 3 runed translucent doors, qw's ghost, amateur DjHu
D:4 3 runed translucent doors, qw's ghost, novice DjHu
D:6 3 runed translucent doors, qw's ghost, novice GrHu
D:7 4 runed translucent doors
D:8 2 runed translucent doors


Message History

The sea snake barely misses you.
Enter note:
Enter note:
Enter note:
Enter note:
Enter note:
Enter note:
14159 ||| RETREEEEATING.
The sea snake attacks as it pursues you!
The sea snake bites you.
The komodo dragon attacks as it pursues you!
The komodo dragon completely misses you.
The sea snake completely misses you. The wind drake flaps its wings at you.
The air twists around and strikes you!
Enter note:
Enter note:
Enter note:
14160 ||| RETREEEEATING.
Being near the torpor snail leaves you feeling lethargic.
The komodo dragon bites you. The sea snake closely misses you.
Enter note:
Enter note:
Enter note:
14161 ||| RETREEEEATING.
The yak gores the plant.
The plant begins to die.
The sea snake attacks as it pursues you!
The sea snake closely misses you.
The komodo dragon attacks as it pursues you!
The komodo dragon completely misses you.
The sea snake bites you but does no damage.
The komodo dragon completely misses you.
The wind drake bites the plant!
The sea snake completely misses you.
Enter note:
Enter note:
Enter note:
14162 ||| RETREEEEATING.
The komodo dragon attacks as it pursues you!
The komodo dragon closely misses you. The komodo dragon bites you!!
You die...

#~P~~.~~~.# #~.~~~~~..#
#8.~#~##..##
#################wP....#
~~~~~~~..~~~.~~~~~~~.~P#
~~~~~~~~~~~~~~~~YP~P~~## ###
~~~~~~~~~~#.~~##~k##.#########.##
~~~~~~##~~##~~##lS##.###.##..#.#.
..~~~~.~..~.~..~@.~.~#..........#
..~................~.^#.........#
.........#..........PP...........
.................................
P..P.#...........................
...######........................
..(#######.......................
..#%.#.###.......................
.......................#%##......


You could see a sea snake, a wind drake (repels missiles), a torpor snail, a
komodo dragon and a yak.

Vanquished Creatures
  Snorg (Lair:4)
  A catoblepas (Lair:2)
  3 hydras (Lair:5)
  2 boulder beetles
  A two-headed ogre (D:8)
  9 death yaks
  An arcanist (D:9)
  A necromancer (Lair:3)
  A lindwurm (Lair:5)
  5 large abominations (D:9)
  A cyclops (D:7)
  6 elephants
  3 black mambas
  A merfolk siren (Lair:2)
  6 cane toads
  9 komodo dragons
  4 rime drakes
  Psyche (D:10)
  2 trolls
  A burning bush (Lair:1)
  A polar bear (Lair:3)
  3 merfolk (Lair:2)
  6 blink frogs
  2 hornets (Lair:5)
  2 slime creatures (Lair:4)
  34 yaks
  7 small abominations (D:9)
  2 wraiths
  2 basilisks
  4 vampire mosquitoes (D:10)
  An acid dragon (D:9)
  6 water moccasins
  6 orc warriors
  2 black bears
  2 sky beasts (D:7)
  2 ogres (D:6)
  3 ice beasts (D:6)
  7 wolves
  3 centaurs
  2 phantoms (D:5)
  7 bullfrogs
  6 kobold brigands
  5 scorpions
  8 wights
  11 killer bees
  4 howler monkeys
  A gnoll bouda (D:9)
  4 jellies
  4 orc priests
  5 hounds
  3 iguanas
  2 sleepcaps
  6 hell rats
  4 yak simulacra (Lair:3)
  6 orc wizards
  3 wolf simulacra (Lair:3)
  3 polar bear simulacra (Lair:3)
  8 adders
  19 gnolls
  2 river rats (Lair:3)
  2 shadow imps (D:6)
  3 white imps
  2 adder zombies (D:4)
  6 dart slugs
  A ribbon worm (D:3)
  30 orcs
  7 ball pythons
  5 endoplasms
  9 goblins
  15 hobgoblins
  A jackal (D:1)
  6 quokkas
  2 bats (D:2)
  A frilled lizard (D:1)
  19 kobolds
  2 rats
  A river rat simulacrum (Lair:3)
379 creatures vanquished.

Notes
Turn   | Place    | Note
-------+----------+-------------------------------------------
     0 | D:1      | qw the Spriggan Hunter began the quest for the Orb.
     0 | D:1      | Reached XP level 1. HP: 10/10 MP: 2/2
     0 | D:1      | 0 ||| qw: Version: 0.3-a-155-g5e7d8dd
     0 | D:1      | 0 ||| qw: Game counter: 662
     0 | D:1      | 0 ||| qw: Melee chars always use a shield: true
     0 | D:1      | 0 ||| qw: God list: Okawaru
     0 | D:1      | 0 ||| qw: Allow faded altars: false
     0 | D:1      | 0 ||| qw: Do Orc after clearing Dungeon:15 true
     0 | D:1      | 0 ||| qw: Do second Lair branch before Depths: true
     0 | D:1      | 0 ||| qw: Lair rune preference: random
     0 | D:1      | 0 ||| qw: Goals: Normal
     0 | D:1      | 0 ||| PLANNING D:1-11
    20 | D:1      | Reached skill level 3 in Dodging
   160 | D:1      | Reached XP level 2. HP: 14/14 MP: 3/3
   198 | D:1      | Reached skill level 4 in Dodging
   437 | D:1      | Reached XP level 3. HP: 18/18 MP: 4/4
   496 | D:1      | 496 ||| READING scroll labelled VOUTOSCH DIEB.
   497 | D:1      | 497 ||| READING scroll labelled NOPNOB KYPSO.
   497 | D:1      | 497 ||| BRANDING +0 shortbow.
   498 | D:1      | 498 ||| READING 2 scrolls labelled DIXTOS LAKANYN.
   498 | D:1      | 498 ||| IDENTIFYING red potion
   499 | D:1      | 499 ||| READING scroll of identify.
   499 | D:1      | 499 ||| IDENTIFYING emerald potion
   500 | D:1      | 500 ||| READING scroll labelled GIVEIS ROCVEAW.
   505 | D:1      | 505 ||| READING 2 scrolls labelled ZEURPH ABUKK.
   505 | D:1      | 505 ||| ENCHANTING +0 shortbow of flaming.
   506 | D:1      | 506 ||| READING scroll of enchant weapon.
   506 | D:1      | 506 ||| ENCHANTING +1 shortbow of flaming.
   507 | D:1      | 507 ||| READING scroll labelled ECIBRICKUI.
   608 | D:1      | 608 ||| READING scroll labelled HYPEOZ AZYCSUPI.
   609 | D:1      | 609 ||| DRINKING 2 smoky amethyst potions.
   610 | D:1      | 610 ||| DROPPING scroll of butterflies.
   611 | D:1      | 611 ||| DROPPING potion of brilliance.
  1063 | D:2      | Found Tudal's Armour Shoppe.
  1096 | D:2      | Reached XP level 4. HP: 22/22 MP: 5/5
  1515 | D:2      | 1515 ||| UPGRADING to +0 cloak.
  1520 | D:2      | 1520 ||| UPGRADING to ring of positive energy.
  1521 | D:2      | 1521 ||| READING scroll of identify.
  1521 | D:2      | 1521 ||| IDENTIFYING white potion
  1522 | D:2      | 1522 ||| DROPPING potion of invisibility.
  1682 | D:3      | Noticed qw's ghost (amateur DjHu)
  1690 | D:3      | Found a runed translucent gate.
  1690 | D:3      | Found a runed translucent gate.
  1690 | D:3      | Found a runed translucent gate.
  1754 | D:3      | Reached skill level 5 in Dodging
  1785 | D:3      | Noticed a scorpion
  1787 | D:3      | Killed a scorpion
  1788 | D:3      | Reached XP level 5. HP: 27/27 MP: 6/6
  2039 | D:3      | 2039 ||| UPGRADING to amulet of the acrobat.
  2044 | D:3      | 2044 ||| READING scroll labelled WYELUJI HUTIEGH.
  2044 | D:3      | 2044 ||| ENCHANTING +0 cloak.
  2130 | D:4      | Found a runed translucent gate.
  2130 | D:4      | Found a runed translucent gate.
  2130 | D:4      | Found a runed translucent gate.
  2130 | D:4      | Noticed qw's ghost (novice DjHu)
  2132 | D:4      | Found a basalt altar of Yredelemnul.
  2240 | D:4      | You fall into a shaft and drop 1 floor!
  2240 | D:5      | Entered Level 5 of the Dungeon
  2248 | D:5      | Reached skill level 6 in Ranged Weapons
  2248 | D:5      | Reached XP level 6. HP: 32/32 MP: 7/7
  2253 | D:5      | 2253 ||| READING scroll of identify.
  2253 | D:5      | 2253 ||| IDENTIFYING blue potion
  2414 | D:4      | Reached skill level 6 in Dodging
  2791 | D:4      | 2791 ||| READING scroll labelled WEX ORATAKA.
  2892 | D:5      | Found a sacrificial altar of Ru.
  2931 | D:5      | Found a white marble altar of Elyvilon.
  2965 | D:5      | Reached XP level 7. HP: 35/35 MP: 8/8
  3003 | D:5      | Reached skill level 7 in Dodging
  3372 | D:5      | Found a staircase to the Ecumenical Temple.
  3373 | D:5      | 3373 ||| PLANNING TEMPLE
  3373 | D:5      | 3373 ||| READING scroll of identify.
  3373 | D:5      | 3373 ||| IDENTIFYING ruby potion
  3374 | D:5      | 3374 ||| READING scroll labelled VYTRAN HEAHIO.
  3427 | D:5      | 3427 ||| DROPPING potion of lignification.
  3438 | Temple   | Entered the Ecumenical Temple
  3439 | Temple   | 3439 ||| PLANNING OKAWARU WORSHIP
  3447 | Temple   | Became a worshipper of Warmaster Okawaru
  3448 | Temple   | 3448 ||| PLANNING D:1-11
  3598 | D:6      | Noticed a cyclops
  3663 | D:6      | Noticed qw's ghost (novice GrHu)
  3672 | D:6      | Found a runed translucent gate.
  3672 | D:6      | Found a runed translucent gate.
  3674 | D:6      | Found a runed translucent gate.
  3690 | D:6      | Reached skill level 3 in Fighting
  3701 | D:6      | Reached XP level 8. HP: 40/40 MP: 9/9
  3833 | D:6      | Reached skill level 8 in Dodging
  3835 | D:6      | Reached * piety under Okawaru
  3859 | D:6      | Reached skill level 1 in Invocations
  3907 | D:6      | Reached skill level 3 in Invocations
  4009 | D:6      | Reached skill level 9 in Ranged Weapons
  4581 | D:6      | 4581 ||| READING scroll of identify.
  4581 | D:6      | 4581 ||| IDENTIFYING clear potion
  4582 | D:6      | 4582 ||| READING scroll labelled KUNIJI HUL.
  4583 | D:6      | 4583 ||| DROPPING potion of attraction.
  4655 | D:7      | Reached ** piety under Okawaru
  4716 | D:7      | Found a large runed translucent door.
  4716 | D:7      | Found a large runed translucent door.
  4743 | D:7      | Reached skill level 9 in Dodging
  4743 | D:7      | Reached XP level 9. HP: 44/44 MP: 13/13
  4760 | D:7      | Noticed a cyclops
  4761 | D:7      | 4761 ||| INVOKING Heroism.
  4766 | D:7      | Killed a cyclops
  4786 | D:7      | 4786 ||| SWAPPING to +0 orcbow.
  4787 | D:7      | 4787 ||| DROPPING +2 shortbow of flaming.
  4843 | D:7      | 4843 ||| READING scroll of enchant armour.
  4843 | D:7      | 4843 ||| ENCHANTING +1 cloak.
  4864 | D:7      | Found a hide-covered altar of Uskayaw.
  5058 | D:7      | Found a large runed translucent door.
  5060 | D:7      | 5060 ||| RETREEEEATING.
  5060 | D:7      | Found a large runed translucent door.
  5062 | D:7      | 5062 ||| INVOKING Heroism.
  5070 | D:7      | Reached skill level 10 in Dodging
  5085 | D:7      | HP: 9/44 [killer bee (8)]
  5086 | D:7      | 5086 ||| READING scroll of teleportation.
  5088 | D:7      | HP: 4/44 [poisoned by a killer bee]
  5089 | D:7      | Reached *** piety under Okawaru
  5090 | D:7      | 5090 ||| DRINKING 4 potions of curing.
  5090 | D:7      | 5090 ||| (to cure poison)
  5259 | D:7      | Noticed a troll
  5260 | D:7      | 5260 ||| INVOKING Heroism.
  5270 | D:7      | Killed a troll
  5440 | D:7      | 5440 ||| RETREEEEATING.
  5442 | D:7      | Reached skill level 11 in Dodging
  5548 | D:7      | Identified the +6 rapier of Accord {flame, Fly rF+ Will+
                  | Dex-3}
  5602 | D:7      | Noticed a deep elf pyromancer
  5669 | D:7      | Reached XP level 10. HP: 51/51 MP: 14/14
  5867 | D:7      | 5867 ||| UPGRADING to +4 ring of protection.
  5868 | D:7      | 5868 ||| READING scroll of identify.
  5868 | D:7      | 5868 ||| IDENTIFYING bubbling brown potion
  5869 | D:7      | 5869 ||| DRINKING 2 metallic coppery potions.
  5870 | D:7      | 5870 ||| DRINKING 2 orange potions.
  5871 | D:7      | 5871 ||| DROPPING wand of flame (15).
  5889 | D:8      | Found the +10 tower shield of Ignorance {rN+ Int-4}
  5906 | D:8      | Found a runed translucent door.
  5927 | D:8      | Found a runed translucent door.
  5934 | D:8      | Noticed an orange crystal statue
  5954 | D:8      | 5954 ||| RETREEEEATING.
  5955 | D:8      | 5955 ||| RETREEEEATING.
  5962 | D:8      | 5962 ||| RETREEEEATING.
  5987 | D:8      | Reached **** piety under Okawaru
  6044 | D:8      | Found an opulent altar of Gozag.
  6048 | D:8      | Found Gozag's Platinum Reserve.
  6063 | D:8      | 6063 ||| SHOPLISTING +1 cloak of Sloth {Rampage Will+ Int+4
                  | Stlth-} (2910 gold, have 341).
  6063 | D:8      | 6063 ||| SHOPLISTING +2 robe "Muvum" {rN+ Archmagi} (3590
                  | gold, have 341).
  6063 | D:8      | 6063 ||| SHOPLISTING ring of the Everdark {Ice rPois Will+
                  | Str+2 Slay+3} (5860 gold, have 341).
  6204 | D:8      | Noticed a two-headed ogre
  6205 | D:8      | 6205 ||| INVOKING Finesse.
  6214 | D:8      | Killed a two-headed ogre
  6215 | D:8      | Reached skill level 12 in Dodging
  6599 | D:8      | 6599 ||| DROPPING ring of magical power.
  6600 | D:8      | 6600 ||| READING 3 scrolls of identify.
  6600 | D:8      | 6600 ||| IDENTIFYING metallic dark potion
  6612 | D:9      | HP: 9/51 [acid dragon/splash of acid (17)]
  6613 | D:9      | 6613 ||| STAIRDANCE
  6992 | D:9      | 6992 ||| INVOKING Finesse.
  6993 | D:9      | 6993 ||| INVOKING Finesse.
  7044 | D:9      | Found Michael's Dragon-Slaying Spoils.
  7051 | D:9      | 7051 ||| SHOPLISTING +0 swamp dragon scales (550 gold, have
                  | 352).
  7051 | D:9      | 7051 ||| SHOPLISTING +1 acid dragon scales of the Loofah
                  | {rCorr Str+4} (664 gold, have 352).
  7051 | D:9      | 7051 ||| SHOPLISTING +1 steam dragon scales (517 gold, have
                  | 352).
  7051 | D:9      | 7051 ||| SHOPLISTING quicksilver dragon scales (660 gold,
                  | have 352).
  7166 | D:9      | 7166 ||| READING scroll of brand weapon.
  7166 | D:9      | 7166 ||| BRANDING +0 orcbow.
  7470 | D:9      | Noticed an arcanist
  7471 | D:9      | 7471 ||| INVOKING Finesse.
  7472 | D:9      | 7472 ||| INVOKING Finesse.
  7481 | D:9      | Killed an arcanist
  7482 | D:9      | Reached skill level 6 in Invocations
  7518 | D:9      | Noticed a large abomination
  7518 | D:9      | Noticed a large abomination
  7518 | D:9      | Noticed a large abomination
  7518 | D:9      | Noticed a large abomination
  7519 | D:9      | 7519 ||| RETREEEEATING.
  7520 | D:9      | 7520 ||| RETREEEEATING.
  7521 | D:9      | 7521 ||| RETREEEEATING.
  7522 | D:9      | 7522 ||| RETREEEEATING.
  7523 | D:9      | 7523 ||| RETREEEEATING.
  7524 | D:9      | 7524 ||| RETREEEEATING.
  7525 | D:9      | 7525 ||| INVOKING Finesse.
  7531 | D:9      | 7531 ||| INVOKING Heroism.
  7539 | D:9      | Killed a large abomination
  7540 | D:9      | Reached skill level 12 in Ranged Weapons
  7547 | D:9      | Noticed a large abomination
  7550 | D:9      | Reached ***** piety under Okawaru
  7552 | D:9      | Killed a large abomination
  7553 | D:9      | Reached XP level 11. HP: 51/54 MP: 9/17
  7560 | D:9      | Killed a large abomination
  7573 | D:9      | HP: 13/55 [small abomination (8)]
  7574 | D:9      | 7574 ||| DRINKING potion of heal wounds.
  7579 | D:9      | Killed a large abomination
  7579 | D:9      | Received a gift from Okawaru
  7583 | D:9      | HP: 10/55 [small abomination (12)]
  7757 | D:9      | Identified the staff of Lies {^Contam rPois rF+ rCorr Int-4
                  | Fire}
  7960 | D:10     | Entered Level 10 of the Dungeon
  8087 | D:10     | Found a staircase to the Orcish Mines.
  8143 | D:10     | 8143 ||| RETREEEEATING.
  8318 | D:10     | Found a hazy altar of Hepliaklqana.
  8318 | D:10     | Found a glowing silver altar of Zin.
  8323 | D:10     | Reached skill level 13 in Dodging
  8367 | D:10     | Found a staircase to the Lair.
  8436 | D:10     | Noticed Psyche
  8451 | D:10     | Killed Psyche
  8778 | D:10     | 8778 ||| RETREEEEATING.
  8788 | D:10     | 8788 ||| RETREEEEATING.
  8789 | D:10     | 8789 ||| RETREEEEATING.
  8950 | D:10     | 8950 ||| PLANNING LAIR
  8950 | D:10     | 8950 ||| READING 2 scrolls of identify.
  8950 | D:10     | 8950 ||| IDENTIFYING 2 fuming puce potions
  8994 | Lair:1   | Entered Level 1 of the Lair of Beasts
  8999 | Lair:1   | 8999 ||| STAIRDANCE
  9079 | Lair:1   | 9079 ||| STAIRDANCE
  9097 | D:10     | Received a gift from Okawaru
  9235 | Lair:1   | 9235 ||| STAIRDANCE
  9302 | Lair:1   | Reached skill level 9 in Invocations
  9504 | Lair:1   | Identified the +1 demon blade "Vyiteoheig" {freeze, Fly
                  | rPois}
  9610 | Lair:1   | HP: 8/55 [elephant (15)]
  9611 | Lair:1   | 9611 ||| DRINKING 2 potions of heal wounds.
 10091 | Lair:1   | 10091 ||| RETREEEEATING.
 10093 | Lair:1   | Received a gift from Okawaru
 10096 | Lair:1   | 10096 ||| RETREEEEATING.
 10097 | Lair:1   | 10097 ||| RETREEEEATING.
 10098 | Lair:1   | 10098 ||| RETREEEEATING.
 10099 | Lair:1   | 10099 ||| RETREEEEATING.
 10100 | Lair:1   | 10100 ||| RETREEEEATING.
 10102 | Lair:1   | 10102 ||| RETREEEEATING.
 10103 | Lair:1   | 10103 ||| RETREEEEATING.
 10104 | Lair:1   | 10104 ||| RETREEEEATING.
 10105 | Lair:1   | 10105 ||| RETREEEEATING.
 10118 | Lair:1   | Reached XP level 12. HP: 60/60 MP: 20/20
 10130 | Lair:1   | 10130 ||| RETREEEEATING.
 10317 | Lair:1   | Found the amulet of Elemental Vulnerability {rPois rF--
                  | rC-- AC+8}
 10396 | Lair:1   | 10396 ||| UPGRADING to amulet of Elemental Vulnerability
                  | {rPois rF-- rC-- AC+8}.
 10406 | Lair:1   | 10406 ||| READING 2 scrolls of identify.
 10406 | Lair:1   | 10406 ||| IDENTIFYING fuming clear potion
 10407 | Lair:1   | 10407 ||| DROPPING potion of ambrosia.
 10453 | Lair:2   | Reached skill level 14 in Dodging
 10662 | Lair:2   | 10662 ||| RETREEEEATING.
 10665 | Lair:2   | 10665 ||| RETREEEEATING.
 10666 | Lair:2   | 10666 ||| RETREEEEATING.
 10667 | Lair:2   | 10667 ||| RETREEEEATING.
 10668 | Lair:2   | 10668 ||| RETREEEEATING.
 10669 | Lair:2   | 10669 ||| RETREEEEATING.
 10716 | Lair:2   | Found a staircase to the Shoals.
 10947 | Lair:2   | Noticed a death yak
 10948 | Lair:2   | 10948 ||| INVOKING Finesse.
 10949 | Lair:2   | Noticed a death yak
 10952 | Lair:2   | Noticed a death yak
 10954 | Lair:2   | Noticed a death yak
 10954 | Lair:2   | Noticed a death yak
 10955 | Lair:2   | Noticed a death yak
 10955 | Lair:2   | 10955 ||| RETREEEEATING.
 10960 | Lair:2   | Killed a death yak
 10960 | Lair:2   | Received a gift from Okawaru
 10977 | Lair:2   | Killed a death yak
 10999 | Lair:2   | HP: 12/60 [death yak (6)]
 11000 | Lair:2   | 11000 ||| DRINKING potion of heal wounds.
 11001 | Lair:2   | 11001 ||| INVOKING Finesse.
 11013 | Lair:2   | Killed a death yak
 11025 | Lair:2   | Killed a death yak
 11026 | Lair:2   | Reached skill level 6 in Fighting
 11031 | Lair:2   | Killed a death yak
 11057 | Lair:2   | 11057 ||| FLEEEEING.
 11061 | Lair:2   | 11061 ||| FLEEEEING.
 11062 | Lair:2   | 11062 ||| FLEEEEING.
 11063 | Lair:2   | 11063 ||| FLEEEEING.
 11064 | Lair:2   | 11064 ||| FLEEEEING.
 11068 | Lair:2   | 11068 ||| FLEEEEING.
 11069 | Lair:2   | 11069 ||| FLEEEEING.
 11070 | Lair:2   | 11070 ||| FLEEEEING.
 11071 | Lair:2   | 11071 ||| FLEEEEING.
 11072 | Lair:2   | 11072 ||| FLEEEEING.
 11073 | Lair:2   | 11073 ||| FLEEEEING.
 11234 | Lair:2   | 11234 ||| RETREEEEATING.
 11247 | Lair:2   | Reached skill level 15 in Dodging
 11437 | Lair:2   | Reached ****** piety under Okawaru
 11509 | Lair:2   | 11509 ||| INVOKING Receive Weapon.
 11509 | Lair:2   | 11509 ||| ACQUIRING +2 hand cannon of freezing
 11509 | Lair:2   | Acquired a +2 hand cannon of freezing
 11509 | Lair:2   | Received a gift from Okawaru
 11510 | Lair:2   | 11510 ||| INVOKING Receive Armour.
 11510 | Lair:2   | 11510 ||| ACQUIRING +5 hat "Becocos" {SInv}
 11510 | Lair:2   | Acquired the +5 hat "Becocos" {SInv}
 11510 | Lair:2   | Received a gift from Okawaru
 11512 | Lair:2   | 11512 ||| SWAPPING to +2 hand cannon of freezing.
 11513 | Lair:2   | 11513 ||| DROPPING +0 orcbow of freezing.
 11587 | Lair:2   | 11587 ||| INVOKING Finesse.
 11588 | Lair:2   | Received a gift from Okawaru
 11595 | Lair:2   | Killed a death yak
 11599 | Lair:2   | 11599 ||| RETREEEEATING.
 11600 | Lair:2   | 11600 ||| RETREEEEATING.
 11601 | Lair:2   | 11601 ||| RETREEEEATING.
 11602 | Lair:2   | 11602 ||| RETREEEEATING.
 11603 | Lair:2   | 11603 ||| RETREEEEATING.
 11604 | Lair:2   | 11604 ||| RETREEEEATING.
 11605 | Lair:2   | 11605 ||| RETREEEEATING.
 11606 | Lair:2   | 11606 ||| RETREEEEATING.
 11607 | Lair:2   | 11607 ||| RETREEEEATING.
 11611 | Lair:2   | 11611 ||| RETREEEEATING.
 11612 | Lair:2   | 11612 ||| RETREEEEATING.
 11613 | Lair:2   | 11613 ||| RETREEEEATING.
 11616 | Lair:2   | 11616 ||| RETREEEEATING.
 11617 | Lair:2   | 11617 ||| RETREEEEATING.
 11683 | Lair:2   | Noticed a catoblepas
 11684 | Lair:2   | 11684 ||| INVOKING Finesse.
 11692 | Lair:2   | Killed a catoblepas
 12008 | Lair:2   | 12008 ||| UPGRADING to +5 hat "Becocos" {SInv}.
 12013 | Lair:2   | 12013 ||| DROPPING amulet of magic regeneration.
 12014 | Lair:2   | 12014 ||| READING 2 scrolls of identify.
 12014 | Lair:2   | 12014 ||| IDENTIFYING fizzy purple potion
 12015 | Lair:2   | 12015 ||| READING scroll of identify.
 12015 | Lair:2   | 12015 ||| IDENTIFYING scroll labelled WEC LOSOING
 12016 | Lair:2   | 12016 ||| DROPPING scroll of blinking.
 12017 | Lair:2   | 12017 ||| DROPPING potion of berserk rage.
 12048 | Lair:3   | Found a hole to the Spider Nest.
 12132 | Lair:3   | Noticed a boulder beetle
 12133 | Lair:3   | 12133 ||| INVOKING Finesse.
 12140 | Lair:3   | Reached skill level 15 in Ranged Weapons
 12148 | Lair:3   | 12148 ||| RETREEEEATING.
 12149 | Lair:3   | 12149 ||| RETREEEEATING.
 12150 | Lair:3   | 12150 ||| RETREEEEATING.
 12151 | Lair:3   | 12151 ||| RETREEEEATING.
 12152 | Lair:3   | 12152 ||| RETREEEEATING.
 12153 | Lair:3   | 12153 ||| RETREEEEATING.
 12154 | Lair:3   | 12154 ||| RETREEEEATING.
 12155 | Lair:3   | 12155 ||| RETREEEEATING.
 12156 | Lair:3   | 12156 ||| RETREEEEATING.
 12157 | Lair:3   | 12157 ||| RETREEEEATING.
 12158 | Lair:3   | 12158 ||| RETREEEEATING.
 12159 | Lair:3   | 12159 ||| RETREEEEATING.
 12160 | Lair:3   | 12160 ||| RETREEEEATING.
 12161 | Lair:3   | 12161 ||| RETREEEEATING.
 12163 | Lair:3   | 12163 ||| RETREEEEATING.
 12179 | Lair:3   | Reached XP level 13. HP: 65/65 MP: 19/21
 12184 | Lair:3   | Reached skill level 1 in Armour
 12187 | Lair:3   | Received a gift from Okawaru
 12497 | Lair:3   | Reached skill level 16 in Dodging
 12940 | Lair:3   | 12940 ||| DROPPING ring of flight.
 13469 | Lair:4   | Found a viscous altar of Jiyva.
 13470 | Lair:4   | Found a staircase to the Slime Pits.
 13504 | Lair:4   | Identified the amulet of Knowledge {Regen+ Dex+4 Slay+3}
 13567 | Lair:4   | Noticed Snorg
 13568 | Lair:4   | 13568 ||| INVOKING Finesse.
 13577 | Lair:4   | 13577 ||| INVOKING Heroism.
 13578 | Lair:4   | Killed Snorg
 13784 | Lair:4   | 13784 ||| DROPPING amulet of guardian spirit.
 13785 | Lair:4   | 13785 ||| UPGRADING to amulet of Knowledge {Regen+ Dex+4
                  | Slay+3}.
 13795 | Lair:4   | 13795 ||| DROPPING amulet of the acrobat.
 13796 | Lair:4   | 13796 ||| READING 2 scrolls of identify.
 13796 | Lair:4   | 13796 ||| IDENTIFYING 2 scrolls labelled ZIESAF IGULA
 13797 | Lair:4   | 13797 ||| DROPPING 2 scrolls of poison.
 13848 | Lair:5   | Entered Level 5 of the Lair of Beasts
 13849 | Lair:5   | 13849 ||| RETREEEEATING.
 13850 | Lair:5   | 13850 ||| RETREEEEATING.
 13851 | Lair:5   | 13851 ||| RETREEEEATING.
 13852 | Lair:5   | 13852 ||| RETREEEEATING.
 13893 | Lair:5   | 13893 ||| RETREEEEATING.
 13895 | Lair:5   | 13895 ||| RETREEEEATING.
 13896 | Lair:5   | 13896 ||| RETREEEEATING.
 13897 | Lair:5   | 13897 ||| RETREEEEATING.
 13975 | Lair:5   | 13975 ||| RETREEEEATING.
 13976 | Lair:5   | 13976 ||| RETREEEEATING.
 13977 | Lair:5   | 13977 ||| RETREEEEATING.
 13978 | Lair:5   | 13978 ||| RETREEEEATING.
 13979 | Lair:5   | 13979 ||| RETREEEEATING.
 13980 | Lair:5   | 13980 ||| RETREEEEATING.
 13981 | Lair:5   | 13981 ||| RETREEEEATING.
 13982 | Lair:5   | 13982 ||| RETREEEEATING.
 13983 | Lair:5   | 13983 ||| RETREEEEATING.
 13984 | Lair:5   | 13984 ||| RETREEEEATING.
 13985 | Lair:5   | 13985 ||| RETREEEEATING.
 13989 | Lair:5   | Reached skill level 17 in Dodging
 13989 | Lair:5   | 13989 ||| RETREEEEATING.
 13991 | Lair:5   | 13991 ||| RETREEEEATING.
 13992 | Lair:5   | 13992 ||| RETREEEEATING.
 13994 | Lair:5   | 13994 ||| RETREEEEATING.
 13995 | Lair:5   | 13995 ||| RETREEEEATING.
 13996 | Lair:5   | 13996 ||| RETREEEEATING.
 13997 | Lair:5   | 13997 ||| RETREEEEATING.
 13998 | Lair:5   | 13998 ||| RETREEEEATING.
 13999 | Lair:5   | 13999 ||| RETREEEEATING.
 14000 | Lair:5   | 14000 ||| RETREEEEATING.
 14001 | Lair:5   | 14001 ||| RETREEEEATING.
 14004 | Lair:5   | Received a gift from Okawaru
 14150 | Lair:5   | 14150 ||| RETREEEEATING.
 14151 | Lair:5   | 14151 ||| RETREEEEATING.
 14153 | Lair:5   | 14153 ||| RETREEEEATING.
 14158 | Lair:5   | 14158 ||| RETREEEEATING.
 14159 | Lair:5   | 14159 ||| RETREEEEATING.
 14160 | Lair:5   | 14160 ||| RETREEEEATING.
 14161 | Lair:5   | 14161 ||| RETREEEEATING.
 14162 | Lair:5   | 14162 ||| RETREEEEATING.
 14162 | Lair:5   | Slain by a komodo dragon

Levels and vault maps discovered:
D:1:      dpeg_arrival_rooms_with_view, layout_basic, minmay_three_crescents
D:2:      layout_basic, serial_shops, nicolae_shop_statue_plus
D:3:      layout_rooms, gammafunk_ghost_split, grunt_ministairs_8
D:4:      layout_loops_ring, nicolae_yredelemnul_ghost_church, minmay_unequal
D:5:      layout_loops_cross, mainiacjoe_overflow_large_starburst,
          minmay_temple_entry_glassed_door
D:6:      layout_basic, gammafunk_ghost_split
D:7:      layout_gridville, mainiacjoe_overflow_six_doors_small,
          grunt_decor_one_mirror, minmay_hollow_rounded_squares
D:8:      layout_basic, nicolae_gozag_zags_fifth_avenue,
          chequers_guarded_unrand_ignorance
D:9:      layout_long_grid, nicolae_shop_dragon_depot, laboratory
D:10:     layout_loops_corners, grunt_temple_overflow_open, dpeg_oklobed_lair,
          orc_0_dummy, uniq_psyche
Temple:   hellmonk_temple_of_storms
Lair:1:   layout_roguey, chequers_serial_rivers_micro_e, evilmike_ambush
          [evilmike_ambush_outer_basic, evilmike_ambush_inner_basic]
Lair:2:   layout_roguey, elwin_shoals_entry_stream
Lair:3:   layout_misc_corridors, spider_nest_entry_web_field,
          eino_house_with_fridge, serial_bayou_shore_b, lemuel_fruit_fields
Lair:4:   layout_cave_shapes, minmay_slime_entry_pillars, uniq_snorg
Lair:5:   gammafunk_lair_ancient_temple, layout_gridlike, serial_bayou_ford_a

Skill      XL: |  1  2  3  4  5  6  7  8  9 10 11 12 13 |
---------------+----------------------------------------+-----
Dodging        | 3 4 5 6 7 9 11 12 13 15 17 | 17.7
Ranged Weapons | 5 6 8 9 10 12 13 15 | 15.6
Fighting       | 2 3 4 5 6 |  6.1
Invocations    | 4 6 10 | 10.0
Armour         | 1 |  1.6
Stealth        | |  1.5

Action                     |  1- 3 |  4- 6 |  7- 9 | 10-12 | 13-15 || total
---------------------------+-------+-------+-------+-------+-------++-------
   Fire: Shortbow          |    85 |   131 |   180 |       |       ||   396
         Orcbow            |       |       |   163 |   880 |       ||  1043
         Hand cannon       |       |       |       |    90 |   197 ||   287
 Invoke: Heroism           |       |       |     3 |     1 |     1 ||     5
         Finesse           |       |       |       |     9 |     1 ||    10
         Receive Weapon    |       |       |       |     1 |       ||     1
         Receive Armour    |       |       |       |     1 |       ||     1
    Use: Scroll            |     9 |     4 |     6 |     7 |     1 ||    27
         Potion            |     1 |       |     1 |     5 |       ||     7
 Armour: Robe              |     4 |    12 |    37 |   115 |    73 ||   241
  Dodge: Dodged            |     8 |    29 |   199 |   465 |   365 ||  1066

Table legend:
 A = Non-vault XP
 B = Vault XP
 C = Vault XP percentage of total XP
 D = Non-vault monster count
 E = Vault monster count
 F = Vault count percentage of total count
                 A         B        C        D         E       F
            +---------+---------+-------+---------+---------+-------
      Total |   43165 |   12187 |  22.0 |     305 |      74 |  19.5
            +---------+---------+-------+---------+---------+-------
        D:1 |      34 |      16 |  32.0 |      16 |       8 |  33.3
        D:2 |      66 |       0 |   0.0 |      23 |       0 |   0.0
        D:3 |      31 |      81 |  72.3 |      10 |       2 |  16.7
        D:4 |     266 |      14 |   5.0 |      16 |       4 |  20.0
        D:5 |     557 |       0 |   0.0 |      17 |       0 |   0.0
        D:6 |    1452 |       0 |   0.0 |      25 |       0 |   0.0
        D:7 |    1565 |    1491 |  48.8 |      31 |      13 |  29.5
        D:8 |    1757 |       0 |   0.0 |      17 |       0 |   0.0
        D:9 |    1381 |    4369 |  76.0 |      25 |      13 |  34.2
       D:10 |    3191 |     743 |  18.9 |      28 |       4 |  12.5
     Lair:1 |    5487 |     335 |   5.8 |      19 |       2 |   9.5
     Lair:2 |   12491 |    1366 |   9.9 |      35 |       4 |  10.3
     Lair:3 |    6576 |    1224 |  15.7 |      22 |      15 |  40.5
     Lair:4 |    1327 |    1498 |  53.0 |       5 |       5 |  50.0
     Lair:5 |    6984 |    1050 |  13.1 |      16 |       4 |  20.0
            +---------+---------+-------+---------+---------+-------
